 Dungeon Crawl Stone Soup version 0.29-a0-243-g602b31c20e (webtiles) character file.

Game seed: 15162246316109057579

179 bande the Shield-Bearer (level 5, -1/33 HPs)
             Began as a Gargoyle Fighter on Mar 5, 2022.
             Slain by an orc
             ... wielding a +0 trident
              (4 damage)
             ... on level 4 of the Dungeon.
             The game lasted 00:04:52 (3426 turns).

bande the Shield-Bearer (Gargoyle Fighter)          Turns: 3426, Time: 00:04:53

Health: -1/33      AC:  1    Str: 20    XL:     5   Next: 59%
Magic:  5/5        EV:  3    Int:  8    God:
Gold:   217        SH: 13    Dex: 11    Spells: 4/4 levels left

rFire   . . .      SeeInvis .   a - +1 war axe
rCold   . . .      Faith    .   h - +1 tower shield
rNeg    + . .      Spirit   .   p - +0 chain mail
rPois   ∞          Reflect  .   (no helmet)
rElec   +          Harm     .   (no cloak)
rCorr   .          Rampage  .   (no gloves)
Will    .....                   (no boots)
Stlth   ..........              (no amulet)
HPRegen 0.11/turn               (no ring)
MPRegen 0.09/turn               (no ring)

@: corroded
A: sickness immunity, AC +4, negative energy resistance 1, electricity
resistance, torment resistance 1, petrification resistance
a: no special abilities


You were on level 4 of the Dungeon.
You visited 1 branch of the dungeon, and saw 4 of its levels.

You collected 217 gold pieces.

Inventory:

Hand Weapons
 a - a +1 war axe (weapon)
Armour
 h - a +1 tower shield (worn)
 p - a +0 chain mail (worn)
Jewellery
 k - a ring of wizardry
Wands
 l - a wand of digging (4)
 n - a wand of paralysis (8)
Scrolls
 g - 2 scrolls of enchant weapon
 j - a scroll of identify
 o - a scroll of fog
Potions
 b - a potion of attraction {unknown}
 c - 3 potions of curing
 d - a potion of might
 e - 4 potions of lignification {unknown}
 f - a potion of mutation {unknown}
 i - a potion of flight {unknown}
 m - a potion of resistance {unknown}


   Skills:
 + Level 3.9 Fighting
 + Level 3.4 Axes
 + Level 3.8 Armour
 - Level 0.3 Dodging
 + Level 4.1 Shields
 * Level 1.3 Evocations


You had 4 spell levels left.
You didn't know any spells.
Your spell library contained the following spells:

 Spells                   Type           Power      Damage    Failure   Level
 Magic Dart               Conj           0%         1d3       100%        1
 Shock                    Conj/Air       0%         1d3       100%        1
 Searing Ray              Conj           0%         2d4       100%        2
 Wereblood                Tmut           0%         N/A       100%        2
 Gell's Gravitas          Tloc           0%         N/A       100%        3
 Swiftness                Air            0%         N/A       100%        3
 Teleport Other           Tloc           0%         N/A       100%        3
 Airstrike                Air            0%         N/A       100%        4
 Fulminant Prism          Conj/Hex       0%         3d6       100%        4
 Dispersal                Tloc           0%         N/A       100%        6
 Summon Hydra             Summ           0%         N/A       100%        7
 Sublimation of Blood     Necr           Unusable   N/A       N/A         2

Dungeon Overview and Level Annotations

Branches:
Dungeon (4/15)
 Temple: D:4-7

Altars:
Yredelemnul


Innate Abilities, Weirdness & Mutations

You are immune to sickness and miasma.
Your stone body is resilient. (AC +4)
You are immune to poison.
You resist negative energy. (rN+)
You are resistant to electric shocks. (rElec)
You are resistant to unholy torment.
You are immune to petrification.


Message History

Items here: )))) [[[ †††.
Items here: )))) [[[ †††.
Okay, then.
Key pressed, stopping explore.
You open the door.
Found a stone staircase leading up.
There is an open door here.
Found a stone staircase leading down.
Found a war axe.
There is a stone staircase leading down here.
You now have 217 gold pieces (gained 3).
You open the door.
There is an open door here.
There is an open door here.
Found a robe.
m - a sapphire potion
e - 4 fizzy purple potions (gained 2)
A jelly comes into view.
The jelly quivers.
A jelly is nearby!
Found a stone staircase leading down.
The jelly hits you but does no damage.
You hit the jelly.
Your hands burn!
The jelly is moderately wounded.
You block the jelly's attack.
An orc comes into view. It is wielding a +0 trident.
The jelly completely misses you.
You hit the jelly.
Your hands burn!
The jelly is moderately wounded.
The jelly hits you. The acid corrodes you!
You are splashed with acid.
The jelly hits you but does no damage.
You hit the jelly but do no damage. The acid corrodes you!
Your hands burn!
The jelly is moderately wounded.
The jelly hits you. The acid corrodes you!
You are splashed with acid.
* * * LOW HITPOINT WARNING * * *
You hit the jelly but do no damage.
Your hands burn!
* * * LOW HITPOINT WARNING * * *
The jelly is moderately wounded.
You block the jelly's attack. x2
The orc hits you from afar with a +0 trident.
You die...

##.## #.# .# ...# #.##
.# # #.#####.. .. # #.
#....##.# .# .# .
#.###.#.#.#.####.##.#..
#...[.#................
#.........##......#
#.##...##.###...#.# ##
#.#######....@....# .#
#.#### ######J#### .#
#....# o# .# ####.# '#
.# ####.#### .. .#
#.......# ..
.###.##.##.# ...
###......#.# >..
............


You could see a jelly and an orc.

Vanquished Creatures
  A bullfrog (D:3)
  An orc wizard (D:4)
  An adder (D:4)
  A worm (D:2)
  2 dart slugs
  6 orcs
  7 ball pythons
  6 endoplasms
  2 giant cockroaches
  6 goblins
  7 hobgoblins
  3 jackals (D:3)
  6 kobolds
  2 quokkas
  6 bats
  3 frilled lizards
  4 rats
64 creatures vanquished.

Notes
Turn   | Place    | Note
-------+----------+-------------------------------------------
     0 | D:1      | bande the Gargoyle Fighter began the quest for the Orb.
     0 | D:1      | Reached XP level 1. HP: 14/14 MP: 1/1
   176 | D:1      | Reached XP level 2. HP: 18/19 MP: 2/2
  1114 | D:2      | Identified the +0 ring mail "Opseoc" {rN+++ Will- Regen+
                  | Stlth+}
  1127 | D:2      | Reached XP level 3. HP: 6/23 MP: 3/3
  1941 | D:2      | Found a faded altar of an unknown god.
  1941 | D:2      | Noticed a great orb of eyes
  1944 | D:2      | Noticed a shining eye
  1944 | D:2      | Noticed a great orb of eyes
  1944 | D:2      | Noticed a shining eye
  2284 | D:3      | Noticed a bullfrog
  2296 | D:3      | Killed a bullfrog
  2297 | D:3      | Reached XP level 4. HP: 22/29 MP: 4/4
  2409 | D:3      | Reached skill level 4 in Shields
  2409 | D:3      | Reached XP level 5. HP: 33/33 MP: 5/5
  2446 | D:3      | Reached skill level 1 in Evocations
  3138 | D:4      | Found a basalt altar of Yredelemnul.
  3426 | D:4      | Slain by an orc

Illustrated notes

Levels and vault maps discovered:
D:1:      minmay_arrival_plants_in_alcoves, layout_basic
D:2:      layout_loops_cross, hellmonk_ecumenical_altar_watching_god
D:3:      layout_basic, chequers_serial_rivers_micro_e
D:4:      layout_loops_corners, kennysheep_mini_moat, nemelex_dance_club_becter,
          serial_shops, shop

Skill      XL: |  1  2  3  4  5 |
---------------+----------------+-----
Axes           | 2 3 |  3.4
Shields        | 4 |  4.1
Evocations     | 1 |  1.3
Fighting       | |  3.9
Armour         | |  3.8
Dodging        | |  0.3

Action                   |  1- 3 |  4- 6 || total
-------------------------+-------+-------++-------
Melee: War axe           |   100 |    67 ||   167
  Use: Scroll            |     5 |     3 ||     8
Armor: Scale mail        |    42 |    13 ||    55
       Chain mail        |       |    35 ||    35
Dodge: Dodged            |    36 |    12 ||    48
Block: Buckler           |     3 |       ||     3
       Tower shield      |    57 |    53 ||   110

Table legend: (Time is in decaauts)
 A = Elapsed time spent in this place.
 B = Non-inter-level travel time spent in this place.
 C = Inter-level travel time spent in this place.
 D = Time resting spent in this place.
 E = Time spent auto-exploring this place.
 F = Levels seen in this place.
 G = Mean time per level.
                   A        B        C        D        E       F      G
               +--------+--------+--------+--------+--------+-----+--------+
         Total |   3544 |   3527 |     17 |    734 |   2201 |   4 |  886.0 |
       Dungeon |   3544 |   3527 |     17 |    734 |   2201 |   4 |  886.0 |
               +--------+--------+--------+--------+--------+-----+--------+

Top non-repeatable levels by time:
     D:1: 1531 daAuts
     D:2: 742 daAuts
     D:3: 672 daAuts
     D:4: 597 daAuts
